 Dungeon Crawl Stone Soup version 0.28-a0-998-gb9e9c7b67e (webtiles) character file.

Game seed: 7278424545217034227

287 vurker the Gusty (level 6, 27/27 HPs)
             Began as a Felid Air Elementalist on Dec 5, 2021.
             Quit the game on level 5 of the Dungeon.
             The game lasted 00:04:45 (5910 turns).

vurker the Gusty (Felid Air Elementalist)           Turns: 5910, Time: 00:04:45

Health: 27/27      AC:  2    Str:  4    XL:     6   Next: 8%
Magic:  13/13      EV: 17    Int: 19    God:
Gold:   178        SH:  0    Dex: 16    Spells: 12/13 levels left
                                        Lives:  1   Deaths: 1

rFire   + . .      SeeInvis +   (weapon unavailable)
rCold   . . .      Faith    .   (shield unavailable)
rNeg    . . .      Spirit   .   (armour unavailable)
rPois   .          Reflect  .   (helmet unavailable)
rElec   .          Harm     .   (cloak unavailable)
rCorr   .          Rampage  .   (gloves unavailable)
Will    .....                   (boots unavailable)
Stlth   ++........              (no amulet)
HPRegen 0.09/turn               a - ring of flight
MPRegen 0.13/turn               d - ring of protection from fire

@: flying, quick
A: very small, claws 1, fangs 3, see invisible, speed 1, shaggy fur 2, stealthy
paws, no weapons or thrown items, no armour, multi-lived
a: no special abilities


You were on level 5 of the Dungeon.
You visited 1 branch of the dungeon, and saw 5 of its levels.

You collected 178 gold pieces.

Inventory:

Jewellery
 a - a ring of flight (left paw)
   (You found it on level 1 of the Dungeon)
 d - a ring of protection from fire (right paw)
   (You found it on level 2 of the Dungeon)
 g - a ring of positive energy
   (You found it on level 3 of the Dungeon)
 h - a ring of ice
   (You found it on level 4 of the Dungeon)
Scrolls
 b - a scroll of identify {unknown}
 c - 2 scrolls of fog
 f - 3 scrolls of teleportation {unknown}
 i - a scroll of enchant armour {unknown}
Potions
 e - a potion of attraction {unknown}


   Skills:
 + Level 2.7 Fighting
 - Level 2.6 Dodging
 - Level 2.6 Stealth
 * Level 4.3 Spellcasting
 + Level 2.8 Conjurations
 * Level 4.8 Air Magic


You had 12 spell levels left.
You knew the following spells:

 Your Spells              Type           Power      Damage    Failure   Level
a - Shock                 Conj/Air       72%        1d7       2%          1

Your spell library contained the following spells:

 Spells                   Type           Power      Damage    Failure   Level
 Static Discharge         Conj/Air       18%        N/A       4%          2
 Swiftness                Air            22%        N/A       5%          3
 Airstrike                Air            11%        N/A       19%         4
 Ensorcelled Hibernation  Hex/Ice        8%         N/A       21%         2
 Tukima's Dance           Hex            4%         N/A       38%         3


Dungeon Overview and Level Annotations

Branches:
Dungeon (5/15)
 Temple: D:4-7

Altars:
Ashenzari
Nemelex Xobeh


Innate Abilities, Weirdness & Mutations

You have sharp claws.
You have razor-sharp teeth.
You have supernaturally acute eyesight. (SInv)
You cover ground quickly. (Speed+)
You are covered in thick fur. (AC +2)
Your paws help you pounce on unaware monsters.
You are incapable of wielding weapons or throwing items.
You cannot wear armour.
You gain extra lives every three experience levels.


Message History

You now have 178 gold pieces (gained 14).
A howler monkey skeleton comes into view.
A howler monkey skeleton is nearby!
Aim: a howler monkey skeleton (dormant, 100% to hit)
The zap hits the howler monkey skeleton.
Aim: a howler monkey skeleton (lightly damaged, 94% to hit)
The zap hits the howler monkey skeleton!
Aim: a howler monkey skeleton (heavily damaged, 94% to hit)
The zap hits the howler monkey skeleton.
Aim: a howler monkey skeleton (severely damaged, 94% to hit)
The zap hits the howler monkey skeleton.
Aim: a howler monkey skeleton (almost destroyed, 94% to hit)
The zap hits the howler monkey skeleton.
A howler monkey skeleton is nearby!
Aim: a howler monkey skeleton (almost destroyed, 94% to hit)
The zap hits the howler monkey skeleton.
You destroy the howler monkey skeleton!
You can't see any susceptible monsters within range! (Use Z to cast anyway.)
Found 15 poisoned darts.
You reach down and open the door.
Found 19 arrows.
Found a scroll labelled DAISHR CEMP.
There is an open door here.
i - a scroll labelled DAISHR CEMP
Okay, then.
You reach down and open the door.
There is an open door here.
Found a scroll labelled IDILEAP BOMM.
f - 3 scrolls labelled IDILEAP BOMM (gained 1)
A centaur and an ogre come into view.
The centaur shouts!
The centaur wields a +0 shortbow.
The centaur shoots an arrow.
The arrow hits you!
The ogre shouts!
Aim: an ogre, wielding a +0 giant spiked club (86% to hit)
The zap hits the ogre!
The centaur shoots an arrow.
The arrow hits you.
* * * LOW HITPOINT WARNING * * *
The centaur shoots an arrow.
The arrow misses you.
A centaur is nearby!
The zap hits the centaur.
The zap hits the centaur!
Okay, then.
The centaur shoots an arrow.
The arrow closely misses you.
The centaur shoots an arrow.
The arrow hits you!
* * * LOW HITPOINT WARNING * * *
The centaur shoots an arrow.
The arrow hits you!
You die...
You are now level 6!
You rejoin the land of the living...
Unknown command.
Unknown command.

.[#...# ..#...#
..#.#.## #.#.#...
#.#.##.## #.#.# .#
###.#.# .#
#.....##.#
#......@.+
#.#######........#
#................#
######.......###.#
#......#.### .#
#.##...#... ..
#.##...##### ##.
#.##...# #.######


There were no monsters in sight!

Vanquished Creatures
  An ice beast (D:4)
  A centaur zombie (D:5)
  2 orc priests
  A jelly (D:4)
  Natasha (thrice) (D:4)
  2 orc wizards
  A hound skeleton (D:4)
  Robin (D:2)
  4 gnolls (D:3)
  5 adders
  A howler monkey skeleton (D:5)
  2 worms (D:3)
  A dart slug (D:2)
  7 orcs
  6 endoplasms
  4 giant cockroaches
  16 goblins
  7 hobgoblins
  4 jackals (D:3)
  2 quokkas (D:3)
  5 ball pythons
  3 bats
  2 frilled lizards (D:1)
  6 kobolds
  10 rats
97 creatures vanquished.

Notes
Turn   | Place    | Note
-------+----------+-------------------------------------------
     0 | D:1      | vurker the Felid Air Elementalist began the quest for the
                  | Orb.
     0 | D:1      | Reached XP level 1. HP: 7/7 MP: 4/4
   161 | D:1      | Reached skill level 1 in Conjurations
   351 | D:1      | Reached XP level 2. HP: 12/12 MP: 0/6
  1345 | D:2      | Reached XP level 3. HP: 15/15 MP: 5/7
  1430 | D:2      | Reached skill level 1 in Fighting
  1557 | D:2      | Found a sparkling altar of Nemelex Xobeh.
  2358 | D:2      | Reached XP level 4. HP: 8/19 MP: 1/9
  2887 | D:3      | Noticed Robin
  3188 | D:2      | Killed Robin
  3469 | D:3      | Found a broken altar of Ashenzari.
  3637 | D:3      | Reached XP level 5. HP: 22/22 MP: 1/10
  3846 | D:3      | Found a faded altar of an unknown god.
  4577 | D:4      | Noticed an ice beast
  4597 | D:4      | Killed an ice beast
  4598 | D:4      | Gained mutation: You are covered in thick fur. (AC +2)
                  | [Felid growth]
  4598 | D:4      | Reached XP level 6. HP: 9/27 MP: 1/12
  5227 | D:4      | Noticed Natasha
  5231 | D:4      | Killed Natasha
  5491 | D:4      | Noticed Natasha
  5496 | D:4      | Killed Natasha
  5544 | D:4      | Noticed Natasha
  5549 | D:4      | Killed Natasha
  5675 | D:5      | Entered Level 5 of the Dungeon
  5687 | D:5      | Reached XP level 7. HP: 30/30 MP: 8/14
  5909 | D:5      | Shot with an arrow by a centaur
  5910 | D:5      | Reached XP level 6. HP: 0/27 MP: 13/13
  5910 | D:5      | Quit the game

Illustrated notes

Levels and vault maps discovered:
D:1:      heliophobic_arrival_battle_scene, layout_basic, dk_noncrumbling_2,
          minmay_misc_feat_nine_boxes, serial_bayou_ford_a
D:2:      layout_basic, basic_altar, chequers_mini_garden
D:3:      layout_rooms, old_standard_altar,
          dreamdust_ecumenical_altar_angels_and_demons, uniq_robin
D:4:      layout_basic, uniq_natasha
D:5:      nicolae_cairo_tiling_very_big, layout_basic, uniq_crazy_yiuf_cottage

Skill      XL: |  1  2  3  4  5  6 |
---------------+-------------------+-----
Conjurations   | 1 2 |  2.8
Air Magic      | 3 4 |  4.8
Fighting       | 1 2 |  2.7
Spellcasting   | 3 4 |  4.3
Dodging        | |  2.6
Stealth        | |  2.6

Action                   |  1- 3 |  4- 6 |  7- 9 || total
-------------------------+-------+-------+-------++-------
Melee: Unarmed           |    12 |       |       ||    12
       Bite              |     2 |       |       ||     2
 Cast: Shock             |   103 |   165 |     8 ||   276
  Use: Scroll            |     1 |       |       ||     1
       Potion            |     1 |       |       ||     1
Armor: Skin              |     2 |     6 |       ||     8
Dodge: Dodged            |    30 |    39 |     2 ||    71

Table legend: (Time is in decaauts)
 A = Elapsed time spent in this place.
 B = Non-inter-level travel time spent in this place.
 C = Inter-level travel time spent in this place.
 D = Time resting spent in this place.
 E = Time spent auto-exploring this place.
 F = Levels seen in this place.
 G = Mean time per level.
                   A        B        C        D        E       F      G
               +--------+--------+--------+--------+--------+-----+--------+
         Total |   5395 |   5204 |    191 |    489 |   4084 |   5 | 1079.0 |
       Dungeon |   5395 |   5204 |    191 |    489 |   4084 |   5 | 1079.0 |
               +--------+--------+--------+--------+--------+-----+--------+

Top non-repeatable levels by time:
     D:2: 1760 daAuts
     D:4: 1356 daAuts
     D:3: 1069 daAuts
     D:1: 1002 daAuts
     D:5: 207 daAuts
